AoeStats
← ok yes

Arena

510848944Analyzed
1v1 RM · 1d ago on Oct 2, 2026· 46m 13s· 2 players
Game mode
Random Map
Map size
Tiny (2 player)
Population
200
Speed
Normal
Resources
Standard
Victory
Conquest
Starting age
Dark Age
Ending age
Imperial Age
RankedLock teamsTeams togetherTeam positionsShared explorationLock speedFull tech treeHidden civsTurbo modeCheats
Victory
Defeat
🇫🇷 Byzantines · France
643
+16
🇨🇱 Teutons · Chile
636
-18
mfuentesk
14:00 Feudal Age
15:18 Wheelbarrow
14:26 Horse Collar
14:33 Double-Bit Axe
14:59 Gold Mining
16:45 Loom
18:53 Stone Mining
25:19 Castle Age
25:25 Crossbowman
25:59 Fletching
26:09 Padded Archer Armor
26:29 Hand Cart
26:27 Bow Saw
26:20 Heavy Plow
26:16 Pikeman
26:56 Squires
40:12 Imperial Age
39:03 Scale Barding Armor
40:18 Cavalier
41:57 Chain Barding Armor
42:10 Paladin
ok yes
12:30 Loom
15:06 Feudal Age
15:41 Stone Mining
15:46 Horse Collar
15:54 Double-Bit Axe
18:08 Wheelbarrow
18:44 Gold Mining
21:58 Castle Age
22:16 Gold Mining
22:22 Fletching
22:37 Padded Archer Armor
24:28 Heavy Plow
24:43 Bow Saw
27:29 Imperial Age
27:32 Gold Shaft Mining
27:38 Husbandry
27:02 Light Cavalry
27:59 Forging
31:00 Chemistry
32:56 Conscription
38:22 Hand Cart
38:21 Fortified Wall
38:08 Murder Holes
38:41 Leather Archer Armor
38:22 Bodkin Arrow
41:23 Two-Man Saw
40:55 Crop Rotation
40:58 Ring Archer Armor
40:29 Bracer
42:08 Elite Skirmisher
44:17 Scale Mail Armor
44:56 Iron Casting
44:21 Man-at-Arms
44:47 Gambesons
46:07 Chain Mail Armor
45:58 Scale Barding Armor
Connection lost

Rejoining the realm…

Still unreachable

The connection could not be restored.

Session expired

The server has moved on; the page needs a fresh start.